 Dungeon Crawl Stone Soup version 0.19.4-12-gccf7e64 (webtiles) character file.

96 Magnus the Gusty (level 4, -2/24 HPs)
             Began as a Tengu Air Elementalist on Feb 26, 2017.
             Slain by a sky beast (4 damage)
             ... on level 3 of the Dungeon.
             The game lasted 00:05:49 (2363 turns).

Magnus the Gusty (Tengu Air Elementalist)           Turns: 2363, Time: 00:05:50

Health: -2/24      AC:  2    Str:  9    XL:     4   Next: 67%
Magic:  4/9        EV: 12    Int: 16    God:
Gold:   109        SH:  0    Dex: 14    Spells: 3 memorised, 4 levels left

rFire  . . .     SeeInvis .     g - +3 dagger (venom)
rCold  . . .     Gourm    .     a - +0 robe
rNeg   . . .     Faith    .     (no shield)
rPois  .         Spirit   .     (helmet restricted)
rElec  .         Reflect  .     (no cloak)
rCorr  .         Harm     .     (no gloves)
MR     .....                    (boots unavailable)
Stlth  ++........               (no amulet)
                                (no ring)
                                (no ring)

@: no status effects
A: beak, talons 3
a: no special abilities


You were on level 3 of the Dungeon.
You were not hungry.

You visited 1 branch of the dungeon, and saw 3 of its levels.

You collected 109 gold pieces.

Inventory:

Hand Weapons
 g - a +3 dagger of venom (weapon)
Armour
 a - a +0 robe (worn)
Scrolls
 d - a scroll of magic mapping {unknown}
 e - a scroll of amnesia {unknown}
 h - a scroll of remove curse {unknown}
 o - a scroll of identify {unknown}
 p - a scroll of random uselessness {unknown}
Potions
 f - a potion of flight {unknown}
 j - a potion of resistance {unknown}
 k - a potion of degeneration {unknown}
 l - 2 potions of lignification {unknown}
 n - 2 potions of agility {unknown}
Books
 b - a book of Air

   Spells                             Type                      Level
   a - Shock                          Conjuration/Air              1
   b - Swiftness                      Charms/Air                   2
   c - Repel Missiles                 Charms/Air                   2
   d - Static Discharge               Conjuration/Air              3
   e - Lightning Bolt                 Conjuration/Air              5
Comestibles
 c - 3 bread rations
 i - a beef jerky
 m - a meat ration


   Skills:
 - Level 2.1 Dodging
 - Level 2.0 Stealth
 + Level 3.0 Spellcasting
 + Level 3.1 Conjurations
 + Level 5.2 Air Magic


You had 4 spell levels left.
You knew the following spells:

 Your Spells              Type           Power        Failure   Level  Hunger
a - Shock                 Conj/Air       ###.         4%          1    #......
b - Repel Missiles        Chrm/Air       ##....       12%         2    ##.....
c - Swiftness             Chrm/Air       ##......     12%         2    ##.....


Dungeon Overview and Level Annotations

Branches:
Dungeon (3/15)

Altars:


Innate Abilities, Weirdness & Mutations

You have a beak for a mouth.
You have claws for feet.


Message History

Casting: Shock
Confirm with . or Enter, or press ? or * to list all spells.
Aiming: Shock
Press: ? - help, Shift-Dir - straight line, f/p - hobgoblin
Aim: a hobgoblin, wielding a club (severely wounded)
The zap hits the hobgoblin.
You kill the hobgoblin!
You start resting.
Something hits you. Something shocks you.
You hit something. Something hits you. Something shocks you.
You hit something. You peck something. Something hits you.
* * * LOW HITPOINT WARNING * * *
Something shocks you.
* * * LOW HITPOINT WARNING * * *
Unknown command.
You see here 17 poisoned needles.
A sky beast appears from thin air!
Reactivating autopickup.
The sky beast hits you.
You die...

#.###.#..#
#.....)..#
##...##<##
#...##.#
#....##.#
#.....##.#
#....$##.#
.......##Y#
.......###@#
.....#+ #.#
#.# #.# #.#
#.# #.# #.#


You could see a sky beast.

Vanquished Creatures
  4 adders (D:2)
  An ooze (D:2)
  A worm (D:2)
  A dart slug (D:1)
  2 leopard geckos
  A giant cockroach (D:2)
  13 goblins
  9 hobgoblins
  5 bats
  6 frilled lizards
  5 kobolds
  5 rats
  A bush (D:2)
54 creatures vanquished.

Notes
Turn   | Place    | Note
-------+----------+-------------------------------------------
     0 | D:1      | Magnus the Tengu Air Elementalist began the quest for the Orb.
     0 | D:1      | Reached XP level 1. HP: 10/10 MP: 4/4
   423 | D:1      | Reached XP level 2. HP: 15/15 MP: 4/6
   847 | D:1      | Reached XP level 3. HP: 19/19 MP: 3/7
  1365 | D:2      | Learned a level 2 spell: Repel Missiles
  1368 | D:2      | Learned a level 2 spell: Swiftness
  1637 | D:2      | Reached skill level 5 in Air Magic
  1637 | D:2      | Reached XP level 4. HP: 18/24 MP: 1/9
  2346 | D:3      | Noticed a sky beast
  2363 | D:3      | Slain by a sky beast

Skill      XL: |  1  2  3  4 |
---------------+-------------+-----
Conjurations   | 2 3 |  3.1
Air Magic      | 5 |  5.2
Spellcasting   | 3 |  3.0
Dodging        | |  2.1
Stealth        | |  2.0

Action                   |  1- 3 |  4- 6 || total
-------------------------+-------+-------++-------
Melee: Unarmed           |     4 |       ||     4
       Kick              |     1 |    11 ||    12
       Dagger            |       |    33 ||    33
       Peck              |       |     8 ||     8
 Cast: Shock             |    82 |    37 ||   119
  Eat: Chunk             |     3 |     2 ||     5
Armor: Robe              |     3 |     2 ||     5
Dodge: Dodged            |    12 |     5 ||    17
